[Event "Titled Tuesday Blitz April 26 Late 2022"]
[White "Baches Garcia, Guillermo"]
[Black "Leschinsky, Gary"]
[WhiteFideId "2209764"]
[BlackFideId "30951321"]
[WhiteElo "2510"]
[BlackElo "1782"]
[Result "1-0"]
[Round "10"]
[TimeControl "180+1"]
[Date "2022.04.26"]
[WhiteClock "0:00:30"]
[BlackClock "0:00:34"]

1. e4 c5 2. Nf3 e6 3. c4 Nc6 4. d4 cxd4 5. Nxd4 Nf6 6. Nc3 d6 7. Be2 a6 8. O-O Be7 9. Be3 O-O 10. Qd2 Qc7 11. Rac1 Rd8 12. f3 Qd7 13. Rfd1 b6 14. Nb3 Qc7 15. Nd5 Qb7 16. Nxb6 Nd7 17. Nxa8 Qxa8 18. Bf1 a5 19. Qf2 Ba6 20. c5 Bxf1 21. Kxf1 a4 22. cxd6 Bf6 23. Nd4 Nb4 24. a3 Na6 25. Nc6 Re8 26. Kg1 Qb7 27. Rc2 h5 28. Rdc1 g6 29. h3 h4 30. Bd4 e5 31. Be3 Re6 32. Qd2 Kh7 33. Kh2 Bg7 34. Nb4 Bf8 35. Nxa6 Qxa6 36. Rc6 Rxd6 37. Rxa6 Rxd2 38. Bxd2 Nc5 39. Ra7 Nb3 40. Rxf7+ Kg8 41. Rxf8+ Kxf8 42. Bb4+ Kf7 43. Rc7+ Ke6 44. Ra7 g5 45. Rxa4 g4 46. hxg4 Nd4 47. Ra6+ Kf7 48. Kh3 Nb5 49. g5 1-0


[Site "https://www.chess.com"]

[Event "Titled Tuesday Blitz April 26 Late 2022"]
[White "Bachmann, Axel"]
[Black "Butti, Enrique"]
[WhiteFideId "3700488"]
[BlackFideId "3700470"]
[WhiteElo "2587"]
[BlackElo "2080"]
[Result "1-0"]
[Round "10"]
[TimeControl "180+1"]
[Date "2022.04.26"]
[WhiteClock "0:01:44"]
[BlackClock "0:01:41"]

1. d4 Nf6 2. g3 c5 3. d5 e5 4. c4 d6 5. Nc3 g6 6. Bg2 Bg7 7. e4 O-O 8. Nf3 Ne8 9. O-O h6 10. Ne1 f5 11. exf5 gxf5 12. Nd3 Nd7 13. Rb1 Nc7 14. Bd2 e4 15. Nf4 Ne5 16. Qe2 a6 17. b4 cxb4 18. Rxb4 a5 19. Rbb1 Na6 20. Ne6 Bxe6 21. dxe6 Nc5 22. Nd5 Nxe6 23. Rxb7 Nd4 24. Qh5 Rf7 25. Rfb1 Qf6 26. Nxf6+ 1-0


[Site "https://www.chess.com"]

[Event "Titled Tuesday Blitz April 26 Late 2022"]
[White "Barria Zuniga, Daniel"]
[Black "Leiva, Gianmarco"]
[WhiteFideId "3400816"]
[BlackFideId "3804399"]
[WhiteElo "2414"]
[BlackElo "2323"]
[Result "1-0"]
[Round "10"]
[TimeControl "180+1"]
[Date "2022.04.26"]
[WhiteClock "0:00:10"]
[BlackClock "0:00:01"]

1. c4 e5 2. g3 Nf6 3. Bg2 Bc5 4. Nc3 d6 5. e3 O-O 6. Nge2 c6 7. d4 Bb6 8. O-O Re8 9. Qc2 Bc7 10. Rd1 Nbd7 11. e4 exd4 12. Nxd4 Ne5 13. b3 Bg4 14. f3 Bh5 15. g4 Nfxg4 16. fxg4 Bxg4 17. Rf1 Bb6 18. Be3 Re6 19. Na4 Bxd4 20. Bxd4 Qh4 21. Qf2 Qh5 22. Nc3 Rf6 23. Qg3 Rg6 24. Kh1 Be2 25. Nxe2 Rxg3 26. Nxg3 Qg4 27. Nf5 f6 28. Rae1 Rd8 29. Re3 Rd7 30. c5 Nf7 31. Rg3 Qe2 32. Rxg7+ Kf8 33. cxd6 Nxd6 34. Rxd7 Nxe4 35. Nd6 1-0


[Site "https://www.chess.com"]

[Event "Titled Tuesday Blitz April 26 Late 2022"]
[White "Bas Mas, Jose Joaquin"]
[Black "Lehtosaari, Mauri"]
[WhiteFideId "22219064"]
[BlackFideId "501999"]
[WhiteElo "2212"]
[BlackElo "2535"]
[Result "0-1"]
[Round "10"]
[TimeControl "180+1"]
[Date "2022.04.26"]
[WhiteClock "0:00:15"]
[BlackClock "0:00:17"]

1. e4 d5 2. exd5 Qxd5 3. Nc3 Qe5+ 4. Be2 c6 5. d4 Qc7 6. g3 Bf5 7. Bf4 Qa5 8. Nf3 e6 9. Nh4 Bg6 10. Nxg6 hxg6 11. Qd2 Nf6 12. Be5 Nbd7 13. Bf4 Bb4 14. a3 Ne4 15. Qc1 Bxc3+ 16. bxc3 Qxc3+ 17. Kf1 Qxd4 18. Be3 Qf6 19. Kg2 Nb6 20. Rb1 Nc3 21. Bf3 Nxb1 22. Qxb1 O-O 23. h4 Nd5 24. Bg5 Qc3 25. h5 b5 26. Qg1 Qe5 27. Bc1 Rad8 28. Qh2 g5 29. h6 g6 30. h7+ Kh8 31. Qh6 Qg7 32. Qxg5 f6 33. Qg4 g5 34. Bb2 e5 35. c4 bxc4 36. Qxc4 Rc8 37. Be4 Ne7 38. Bb1 Nd5 39. Be4 Rfd8 40. Bb1 Qf7 41. Rh6 Ne3+ 42. fxe3 Qxc4 43. Rxf6 Qe2+ 44. Rf2 Qxf2+ 45. Kxf2 Re8 46. Kf3 Rc7 47. Ke4 Rxh7 48. Bxe5+ Rxe5+ 49. Kxe5 Re7+ 50. Kd4 Kg7 51. e4 Kf6 52. Bd3 Re5 53. Bc4 c5+ 54. Ke3 Ke7 55. Bd5 Kd6 56. Kd3 Rxd5+ 57. exd5 Kxd5 58. g4 c4+ 59. Kc3 Kc5 60. a4 a5 61. Kc2 Kb4 62. Kb2 Kxa4 63. Kc3 Kb5 64. Kb2 Kb4 65. Kc2 c3 66. Kb1 Kb3 0-1


[Site "https://www.chess.com"]

[Event "Titled Tuesday Blitz April 26 Late 2022"]
[White "Bluebaum, Matthias"]
[Black "Kamsky, Gata"]
[WhiteFideId "24651516"]
[BlackFideId "2000024"]
[WhiteElo "2550"]
[BlackElo "2645"]
[Result "1-0"]
[Round "10"]
[TimeControl "180+1"]
[Date "2022.04.26"]
[WhiteClock "0:00:18"]
[BlackClock "0:00:40"]

1. d4 f5 2. Nf3 Nf6 3. c4 d6 4. e3 g6 5. b4 Bg7 6. Bb2 c6 7. Be2 a5 8. b5 a4 9. O-O O-O 10. a3 Kh8 11. Nc3 Qa5 12. Qc2 Be6 13. d5 cxd5 14. cxd5 Bg8 15. Ng5 Rc8 16. Qd3 Nbd7 17. Rac1 Nc5 18. Qd1 h6 19. Nf3 Nb3 20. Rc2 Rc5 21. Nh4 Bf7 22. Bd3 Rac8 23. Ne2 Rxc2 24. Bxc2 Qd2 25. Bxb3 Qxb2 26. Bxa4 Ne4 27. Nf4 Kh7 28. b6 Bf6 29. Nxf5 Nc3 30. Qg4 Rc4 31. Nxd6 exd6 32. Qd7 Kg8 33. Qxb7 Nxa4 34. Qa8+ Kg7 35. b7 Nb6 36. Qa7 Nd7 37. Ne6+ Kg8 38. Qa8+ Kh7 39. Qc8 Qb5 40. Qxd7 Qxd7 41. Nf8+ Kg7 42. Nxd7 1-0


[Site "https://www.chess.com"]

[Event "Titled Tuesday Blitz April 26 Late 2022"]
[White "Chigaev, Maksim"]
[Black "Donchenko, Alexander"]
[WhiteFideId "4108116"]
[BlackFideId "24603295"]
[WhiteElo "2890"]
[BlackElo "2817"]
[Result "1-0"]
[Round "10"]
[TimeControl "180+1"]
[Date "2022.04.26"]
[WhiteClock "0:00:05"]
[BlackClock "0:00:13"]

1. d4 Nf6 2. c4 c6 3. Nf3 d5 4. g3 g6 5. Bg2 Bg7 6. O-O O-O 7. Nc3 dxc4 8. e4 b5 9. Qe2 Bb7 10. Rd1 e6 11. h4 Nbd7 12. e5 Nd5 13. h5 Nxc3 14. bxc3 c5 15. h6 Bh8 16. a4 a6 17. dxc5 Qc7 18. Ba3 Bc6 19. Rd6 Rab8 20. axb5 axb5 21. Rad1 Rfd8 22. Rxc6 Qxc6 23. Nd4 Qc7 24. Nc6 Ra8 25. Ne7+ Kf8 26. Bxa8 Rxa8 27. c6 Rxa3 28. cxd7 Kxe7 29. d8=Q+ Qxd8 30. Rxd8 Kxd8 31. Qd2+ Ke8 32. Qd6 b4 33. Qb8+ Kd7 34. Qb7+ Ke8 35. Qb8+ Kd7 36. Qb5+ Kd8 37. Qxb4 Ra1+ 38. Kg2 Bxe5 39. Qf8+ Kd7 40. Qxf7+ Kd6 41. Qxh7 Bxc3 42. Qxg6 Be5 43. f4 Ra2+ 44. Kf3 Bd4 45. Qe4 Rd2 46. h7 c3 47. Qxd4+ Rxd4 48. h8=Q Rc4 49. Qe5+ Kd7 50. Qb5+ Rc6 51. Qd3+ Ke7 52. Qc2 Kf6 53. g4 Rc4 54. g5+ Kg7 55. Kg3 Rc7 56. Kg4 Rc5 57. Kh5 Kf8 58. Qf2 Rc7 59. Qc2 Rc5 60. Kh6 Rc6 61. g6 Rc7 62. g7+ Rxg7 63. Qxc3 Rg2 64. Qc7 Rg4 65. Kh5 Rg7 66. Qd6+ Kf7 67. Qd8 Rg1 68. Qc7+ Kf6 69. Qe5+ Kf7 70. Qc5 Rd1 71. Qa7+ Kf6 72. Qa8 Rd5+ 73. Kg4 Rf5 74. Qb7 Rd5 75. Qh7 Rd1 76. Qh8+ Kf7 77. Qh7+ Kf6 78. Qh6+ Kf7 79. Kf3 Rf1+ 80. Ke2 Rg1 81. Qh5+ Kf6 82. Qe5+ Kf7 83. f5 exf5 84. Qxf5+ Kg7 85. Qe5+ Kg6 86. Qd6+ Kh7 87. Qh2+ 1-0


[Site "https://www.chess.com"]

[Event "Titled Tuesday Blitz April 26 Late 2022"]
[White "Czopor, Maciej"]
[Black "Chuemsakul, Sarocha"]
[WhiteFideId "21805431"]
[BlackFideId "6203710"]
[WhiteElo "2682"]
[BlackElo "2402"]
[Result "1/2-1/2"]
[Round "10"]
[TimeControl "180+1"]
[Date "2022.04.26"]
[WhiteClock "0:00:03"]
[BlackClock "0:00:08"]

1. d4 Nf6 2. c4 g6 3. Nc3 Bg7 4. e4 d6 5. Be2 Nbd7 6. Be3 e5 7. d5 a5 8. h4 h5 9. Nh3 Nc5 10. Qc2 c6 11. Ng5 cxd5 12. cxd5 b6 13. O-O O-O 14. b3 Ba6 15. Bxa6 Rxa6 16. Qe2 Ra8 17. f3 Qe7 18. Qb5 Rfb8 19. a3 Qe8 20. b4 Nb3 21. Rab1 Nd4 22. Qxe8+ Nxe8 23. Bxd4 exd4 24. Nb5 axb4 25. Rxb4 Rc8 26. Rd1 Rc2 27. a4 Ra2 28. Nxd4 R2xa4 29. Rxa4 Rxa4 30. Nc6 b5 31. Rb1 Nc7 32. e5 Bxe5 33. Nxe5 dxe5 34. d6 Ne6 35. Nxe6 fxe6 36. Rxb5 Rd4 37. Rb8+ Kf7 38. Rb7+ Kf6 39. d7 Ke7 40. Rb5 Rxh4 41. Rxe5 Kxd7 42. Rg5 Ke7 43. Rxg6 Kf7 44. Rg5 Kf6 45. Rg8 Ra4 46. Kf2 Kf7 47. Rg5 h4 48. Rh5 Kf6 49. Ke3 Ra2 50. Rh6+ Kf5 51. Rxh4 Rxg2 52. Rh5+ Kf6 53. Ke4 Re2+ 54. Kf4 e5+ 55. Kg4 Rg2+ 56. Kh3 Rg1 57. Kh2 Rg8 58. Kh3 Rg7 59. Kh2 Rg8 60. Kh3 Rg1 61. Kh2 Rg8 1/2-1/2


[Site "https://www.chess.com"]

[Event "Titled Tuesday Blitz April 26 Late 2022"]
[White "D`Arruda, Ricardo D."]
[Black "Qiao, Cindy"]
[WhiteFideId "100692"]
[BlackFideId "2620243"]
[WhiteElo "2367"]
[BlackElo "2241"]
[Result "1-0"]
[Round "10"]
[TimeControl "180+1"]
[Date "2022.04.26"]
[WhiteClock "0:01:24"]
[BlackClock "0:00:15"]

1. d4 d5 2. g3 Nf6 3. Bg2 e6 4. Nf3 Be7 5. c4 O-O 6. O-O dxc4 7. Ne5 Nc6 8. Nxc6 bxc6 9. Nc3 Bb7 10. Qa4 Nd5 11. Qxc4 Bf6 12. Ne4 Nb6 13. Nxf6+ Qxf6 14. Qc5 Rad8 15. e3 Rd6 16. Bd2 Re8 17. Bc3 Qd8 18. Qa5 Qa8 19. b3 Nd5 20. Bd2 e5 21. dxe5 Rxe5 22. e4 Nf6 23. Qxe5 Rxd2 24. Rfd1 Rc2 25. Qe7 c5 26. Rd8+ 1-0


[Site "https://www.chess.com"]

[Event "Titled Tuesday Blitz April 26 Late 2022"]
[White "Dahlgren, James Allen"]
[Black "Donatti, Alvaro"]
[WhiteFideId "22256873"]
[BlackFideId "3000303"]
[WhiteElo "2077"]
[BlackElo "2138"]
[Result "1-0"]
[Round "10"]
[TimeControl "180+1"]
[Date "2022.04.26"]
[WhiteClock "0:01:48"]
[BlackClock "0:01:17"]

1. d3 Nf6 2. f4 d5 3. Nf3 c5 4. g3 Nc6 5. Bg2 g6 6. O-O Bg7 7. Nc3 O-O 8. e4 d4 9. Ne2 Bg4 10. h3 Bxf3 11. Bxf3 e5 12. f5 Ne7 13. g4 h6 14. Ng3 g5 15. c4 a6 16. Bd2 b5 17. Rc1 b4 18. Kg2 Nd7 19. Rh1 f6 20. Nh5 Bh8 21. h4 Rf7 22. Qe2 Nf8 23. Rh3 Qa5 24. a3 Qa4 25. axb4 cxb4 26. Rch1 Qc2 27. hxg5 fxg5 28. Ng3 Rh7 29. Bxg5 hxg5 30. Qxc2 1-0


[Site "https://www.chess.com"]

[Event "Titled Tuesday Blitz April 26 Late 2022"]
[White "Deac, Bogdan-Daniel"]
[Black "Paravyan, David"]
[WhiteFideId "1226380"]
[BlackFideId "4194985"]
[WhiteElo "2648"]
[BlackElo "2569"]
[Result "1/2-1/2"]
[Round "10"]
[TimeControl "180+1"]
[Date "2022.04.26"]
[WhiteClock "0:00:06"]
[BlackClock "0:00:07"]

1. e4 e5 2. Nf3 Nf6 3. d4 Nxe4 4. Bd3 d5 5. Nxe5 Bd6 6. O-O O-O 7. Nc3 Nxc3 8. bxc3 Nd7 9. Re1 c5 10. Qf3 c4 11. Bf5 Nxe5 12. dxe5 Re8 13. Bxc8 Rxc8 14. Bg5 Qxg5 15. exd6 Re6 16. h4 Qf6 17. Qxd5 Rxd6 18. Qxb7 Rf8 19. g3 Qxc3 20. Qxa7 Qxc2 21. Qc5 Qd3 22. Rec1 Re6 23. Rxc4 Rfe8 24. Rc3 Qd2 25. Rc2 Qd3 26. Qc3 Qd5 27. a4 h6 28. a5 Ra6 29. Rd2 Qe5 30. Qa3 Rea8 31. Rda2 g6 32. Qb4 h5 33. Kh2 Kg7 34. Qd2 Qf6 35. Qd5 Qc3 36. Kg2 Kg8 37. Qf3 Qb4 38. Qa3 Qe4+ 39. Kh2 Qe5 40. Qb4 Kg7 41. Ra4 Qf6 42. R1a2 Qe5 43. Qd2 R8a7 44. Qb4 Qf6 45. Qf4 Qxf4 46. gxf4 Kf6 47. Kg3 Kf5 48. Kf3 Ra8 49. R2a3 R8a7 50. Kg3 Ra8 51. f3 R8a7 52. Kf2 Ra8 53. Kg3 R8a7 54. Ra2 Ra8 55. Ra1 R8a7 56. R1a3 Ra8 57. Ra2 R8a7 58. R2a3 Ra8 59. Ra2 R8a7 60. Ra1 Rb7 61. Re1 Rb5 62. Rea1 Kf6 63. R4a3 Kf5 64. Ra4 Kf6 65. R1a3 Ke6 66. Re3+ Kf5 67. Rea3 Kf6 68. Ra1 Kf5 69. R1a3 Kf6 70. Ra1 Kf5 71. R1a3 1/2-1/2


[Site "https://www.chess.com"]

[Event "Titled Tuesday Blitz April 26 Late 2022"]
[White "Derraugh, Geordie"]
[Black "Martinez Reyes, Pedro Ramon"]
[WhiteFideId "2603950"]
[BlackFideId "3901807"]
[WhiteElo "2450"]
[BlackElo "2568"]
[Result "1-0"]
[Round "10"]
[TimeControl "180+1"]
[Date "2022.04.26"]
[WhiteClock "0:00:03"]
[BlackClock "0:01:33"]

1. e4 g5 2. d4 Bg7 3. Bxg5 c5 4. c3 cxd4 5. cxd4 Qb6 6. Nc3 Qxd4 7. Qxd4 Bxd4 8. Nf3 Bxc3+ 9. bxc3 Nc6 10. Rb1 b6 11. Bc4 Bb7 12. O-O Rc8 13. Bd5 h6 14. Bh4 e6 15. Bb3 Nge7 16. Rfe1 Rg8 17. Bg3 Na5 18. Rbc1 Nc4 19. Nd4 a6 20. Rcd1 h5 21. Nf3 Na5 22. Ne5 Bc6 23. Bc2 f6 24. Nf3 Kf7 25. Bd3 b5 26. Nd4 Bb7 27. Ne2 Ng6 28. h4 Bc6 29. Nd4 Bb7 30. Ne2 Nc6 31. Bc2 Nce5 32. Bb3 Bc6 33. Nd4 Ke7 34. Rd2 Bb7 35. Ne2 Rc7 36. Red1 Rgc8 37. f4 Ng4 38. f5 N6e5 39. fxe6 dxe6 40. Nf4 Rxc3 41. Be1 Rxb3 42. axb3 Bxe4 43. Rd6 Bf5 44. Rxa6 Rc7 45. Bb4+ Kf7 46. Bd6 Rc2 47. Ra7+ Ke8 48. Bxe5 fxe5 49. Nxh5 Be4 50. Ng7+ Kf8 51. Rd8# 1-0


[Site "https://www.chess.com"]

[Event "Titled Tuesday Blitz April 26 Late 2022"]
[White "Domingo Nunez, Alejandro"]
[Black "Li, Ben"]
[WhiteFideId "22245561"]
[BlackFideId "2089980"]
[WhiteElo "2215"]
[BlackElo "2267"]
[Result "1-0"]
[Round "10"]
[TimeControl "180+1"]
[Date "2022.04.26"]
[WhiteClock "0:00:52"]
[BlackClock "0:00:26"]

1. Nf3 d5 2. g3 c5 3. c4 d4 4. Bg2 Nc6 5. O-O e5 6. a3 a5 7. e3 Bd6 8. exd4 cxd4 9. c5 Bc7 10. d3 Nge7 11. Nbd2 O-O 12. Nc4 Nd5 13. Re1 Re8 14. Bd2 Bg4 15. h3 Bh5 16. Rc1 f5 17. g4 fxg4 18. Ng5 Nf6 19. Qb3 Kh8 20. Qxb7 Rb8 21. Qxc6 gxh3 22. Bxh3 Qe7 23. Nd6 Rf8 24. Nf5 Qd8 25. Ne6 Qd5 26. Qxd5 Nxd5 27. Nxf8 Rxf8 28. Bg2 Nf4 29. Bxf4 exf4 30. Nxd4 f3 31. Ne6 Rc8 32. Nxc7 Rxc7 33. Bxf3 Bg6 34. c6 h5 35. d4 h4 36. d5 Rf7 37. c7 Rxf3 38. c8=Q+ Kh7 39. Qg4 Rf5 40. Qxh4+ Rh5 41. Qxh5+ Bxh5 42. d6 g5 43. Rc7+ Kh6 44. Re6+ Bg6 45. d7 g4 46. d8=Q Kh5 47. Rc5+ Kh6 48. Qh8# 1-0


[Site "https://www.chess.com"]

[Event "Titled Tuesday Blitz April 26 Late 2022"]
[White "Ivanisevic, Ivan"]
[Black "Rustemov, Alexander"]
[WhiteFideId "912417"]
[BlackFideId "4119002"]
[WhiteElo "2495"]
[BlackElo "2869"]
[Result "0-1"]
[Round "10"]
[TimeControl "180+1"]
[Date "2022.04.26"]
[WhiteClock "0:00:02"]
[BlackClock "0:00:12"]

1. d4 d5 2. c4 c6 3. Nf3 Nf6 4. Nc3 dxc4 5. e4 b5 6. Be2 e6 7. a4 b4 8. e5 Nd5 9. Ne4 Ba6 10. O-O Be7 11. Qc2 b3 12. Qd1 O-O 13. Nfd2 Nb4 14. Nxc4 Nc2 15. Be3 Nxa1 16. Qxa1 Nd7 17. Qd1 Nb6 18. Ncd6 Bxe2 19. Qxe2 Nxa4 20. h4 Nb6 21. Qg4 Kh8 22. Bg5 Nd5 23. Qh5 Kg8 24. Rd1 f5 25. Nc5 Nc7 26. Rd3 Bxg5 27. hxg5 g6 28. Qh6 Qe7 29. Rxb3 Rab8 30. Ra3 Nb5 31. Ra6 Nxd4 32. Nd3 f4 33. b4 f3 34. g4 Rb6 35. Ra5 Nb5 36. Ne4 Qg7 37. Nf6+ Kh8 38. Nc5 Qxh6 39. gxh6 Ra8 40. Nxe6 Nc3 41. Ng5 Rb7 42. Rc5 Nd5 43. Nfe4 Rb6 44. e6 Nxb4 45. Kh2 Re8 46. Kg3 Nd5 0-1


[Site "https://www.chess.com"]

[Event "Titled Tuesday Blitz April 26 Late 2022"]
[White "Jarocka, Liwia"]
[Black "De Souza, Cristiano Gomes"]
[WhiteFideId "21807558"]
[BlackFideId "2151758"]
[WhiteElo "1896"]
[BlackElo "2068"]
[Result "1-0"]
[Round "10"]
[TimeControl "180+1"]
[Date "2022.04.26"]
[WhiteClock "0:00:46"]
[BlackClock "0:00:14"]

1. e4 c5 2. Nf3 d6 3. d4 cxd4 4. Nxd4 Nf6 5. Nc3 g6 6. Be3 Bg7 7. f3 O-O 8. Qd2 Nc6 9. Bc4 Bd7 10. Bb3 a5 11. a4 Rc8 12. O-O Nxd4 13. Bxd4 Bc6 14. Rfd1 Nd7 15. Bxg7 Kxg7 16. Bd5 Qb6+ 17. Kh1 Rfd8 18. b3 Qc5 19. Rac1 Nf6 20. Bxc6 bxc6 21. Ne2 Qb4 22. Qe3 c5 23. h3 c4 24. Rd4 e5 25. Rdd1 cxb3 26. cxb3 Rxc1 27. Rxc1 Rb8 28. Rc3 Nd7 29. Qd3 Rb6 30. Kh2 Nc5 31. Qd5 h5 32. Qa8 Nxb3 33. Rc8 Kf6 34. Rf8 Rb7 35. Qd8+ Re7 36. Re8 Qb8 37. Qxb8 1-0


[Site "https://www.chess.com"]

[Event "Titled Tuesday Blitz April 26 Late 2022"]
[White "Jobava, Baadur"]
[Black "Bortnyk, Olexandr"]
[WhiteFideId "13601520"]
[BlackFideId "14120828"]
[WhiteElo "2617"]
[BlackElo "2723"]
[Result "1/2-1/2"]
[Round "10"]
[TimeControl "180+1"]
[Date "2022.04.26"]
[WhiteClock "0:02:16"]
[BlackClock "0:02:49"]

1. d4 d6 2. e4 Nf6 3. Nc3 Nbd7 4. Nf3 e5 5. Be2 Be7 6. O-O c6 7. Re1 Qc7 8. Bf1 O-O 9. h3 b5 10. a3 a5 1/2-1/2


[Site "https://www.chess.com"]

[Event "Titled Tuesday Blitz April 26 Late 2022"]
[White "Kanyamarala, Tarun"]
[Black "Rosen, Eric"]
[WhiteFideId "45004714"]
[BlackFideId "2032562"]
[WhiteElo "2177"]
[BlackElo "2362"]
[Result "1-0"]
[Round "10"]
[TimeControl "180+1"]
[Date "2022.04.26"]
[WhiteClock "0:00:58"]
[BlackClock "0:00:02"]

1. d4 Nf6 2. c4 Nc6 3. Nf3 e6 4. g3 Bb4+ 5. Nbd2 O-O 6. Bg2 a5 7. O-O Re8 8. e4 Bxd2 9. Nxd2 Nxd4 10. e5 Nc6 11. exf6 Qxf6 12. Ne4 Qg6 13. h4 h6 14. Bf4 d6 15. Nc3 e5 16. Be3 Bg4 17. Bf3 Bh3 18. Re1 Rac8 19. Bh5 Qe6 20. Qd5 Qd7 21. Rad1 Be6 22. Qd3 Nb4 23. Qe2 Rf8 24. Nd5 c6 25. Nb6 Qc7 26. Nxc8 Bxc8 27. a3 Na6 28. Qd2 f5 29. Qxd6 Qxd6 30. Rxd6 f4 31. Bb6 fxg3 32. fxg3 Bh3 33. Rd8 1-0


[Site "https://www.chess.com"]

[Event "Titled Tuesday Blitz April 26 Late 2022"]
[White "Kanyamarala, Trisha"]
[Black "Yanayt, Eugene"]
[WhiteFideId "45004722"]
[BlackFideId "2020165"]
[WhiteElo "2079"]
[BlackElo "2046"]
[Result "0-1"]
[Round "10"]
[TimeControl "180+1"]
[Date "2022.04.26"]
[WhiteClock "0:01:56"]
[BlackClock "0:01:26"]

1. d4 Nf6 2. c4 g6 3. Nc3 Bg7 4. e4 O-O 5. e5 Ne8 6. Nf3 c5 7. d5 d6 8. exd6 Nxd6 9. Bd3 Nf5 10. O-O Nd4 11. Nxd4 cxd4 12. Ne2 e6 13. Be4 f5 14. Bf3 e5 15. g3 Na6 16. Bg2 Nc5 17. b4 Ne4 18. Bb2 b5 19. f3 Nd6 20. c5 Nc4 21. Qb3 Qxd5 22. Rad1 Bb7 23. Rf2 Ne3 24. Qxd5+ Bxd5 25. a3 Nxd1 0-1


[Site "https://www.chess.com"]

[Event "Titled Tuesday Blitz April 26 Late 2022"]
[White "Karttunen, Mika"]
[Black "Martin Barcelo, Carles"]
[WhiteFideId "502081"]
[BlackFideId "24561444"]
[WhiteElo "2343"]
[BlackElo "1875"]
[Result "1/2-1/2"]
[Round "10"]
[TimeControl "180+1"]
[Date "2022.04.26"]
[WhiteClock "0:00:36"]
[BlackClock "0:01:07"]

1. e4 e6 2. d4 d5 3. Nc3 dxe4 4. Nxe4 Nd7 5. Nf3 Ngf6 6. Bg5 Be7 7. Bxf6 Nxf6 8. Nxf6+ Bxf6 9. c3 O-O 10. Bd3 b6 11. Qc2 h6 12. O-O-O Bb7 13. Be4 Bxe4 14. Qxe4 Qd5 15. Qxd5 exd5 16. h4 Rfe8 17. Rde1 g6 18. g3 Bg7 19. Kd2 Re4 20. Kd3 Rae8 21. Re3 Rxe3+ 22. fxe3 f5 23. b3 Bf6 24. Rc1 c5 25. c4 cxd4 26. exd4 dxc4+ 27. bxc4 Kf7 28. d5 Rc8 29. Nd4 Ke7 30. Re1+ Kd7 31. Re6 Rf8 32. Nc6 a6 33. Nd4 f4 34. gxf4 Bxd4 35. Kxd4 Rxf4+ 36. Kc3 b5 37. cxb5 axb5 38. Rxg6 Rxh4 39. Rb6 Ra4 40. Rxb5 Rxa2 41. Rb6 Ra5 42. Kd4 Ra1 43. Rb7+ Kd6 44. Rb6+ Kd7 45. Rxh6 Rd1+ 46. Kc4 Rc1+ 47. Kb5 Rb1+ 48. Kc5 Rc1+ 49. Kd4 Rd1+ 50. Ke4 Re1+ 51. Kf4 Rf1+ 52. Ke3 Re1+ 53. Kd4 Rd1+ 1/2-1/2


[Site "https://www.chess.com"]

[Event "Titled Tuesday Blitz April 26 Late 2022"]
[White "Keymer, Vincent"]
[Black "Shimanov, Aleksandr"]
[WhiteFideId "12940690"]
[BlackFideId "4198603"]
[WhiteElo "2557"]
[BlackElo "2636"]
[Result "1-0"]
[Round "10"]
[TimeControl "180+1"]
[Date "2022.04.26"]
[WhiteClock "0:00:07"]
[BlackClock "0:00:02"]

1. Nf3 d5 2. e3 Nf6 3. c4 c6 4. Nc3 a6 5. d4 b5 6. b3 Bf5 7. Be2 e6 8. O-O Nbd7 9. Bb2 Bd6 10. a4 b4 11. Na2 a5 12. Nc1 Ne4 13. Bd3 Qf6 14. Ne2 h5 15. cxd5 cxd5 16. Bb5 Ke7 17. Bxd7 Kxd7 18. Ne5+ Ke8 19. f3 Ng5 20. Nf4 h4 21. Qe2 Rb8 22. Qa6 Qd8 23. Rac1 Bxe5 24. dxe5 Kf8 25. Bd4 Kg8 26. Rc5 Ra8 27. Qb7 Rb8 28. Qc7 Qxc7 29. Rxc7 Kh7 30. h3 Rhc8 31. Rfc1 Rxc7 32. Rxc7 Bb1 33. Ne2 Ba2 34. Nc1 Bb1 35. Kf2 g6 36. Ne2 Ra8 37. Bb6 Ra6 38. Bc5 Kg7 39. Be7 Nh7 40. Nd4 g5 41. Rc8 f6 42. exf6+ Nxf6 43. Rc7 Kg6 44. Rc1 Bf5 45. Rc8 Bb1 46. Rc5 e5 47. Nc6 Ba2 48. Nxe5+ Kf5 49. Bxf6 Kxf6 50. Nc6 Bxb3 51. Nxa5 Bxa4 52. Rxd5 b3 53. Nc4 Rc6 54. Rd4 Bb5 55. Na3 b2 56. Rb4 Rc3 57. Rxb5 Rxa3 58. Rb6+ Ke5 59. Rxb2 Rc3 60. Re2 Ra3 61. Rd2 Rb3 62. Rc2 Ra3 63. Rb2 Rc3 64. Rb5+ Kf6 65. Rb6+ Ke5 66. Rb2 Ra3 67. Re2 Rb3 68. g3 Ra3 69. gxh4 gxh4 70. Rd2 Rb3 71. f4+ Kf6 72. Kf3 Rb1 73. Rd6+ Ke7 74. Rh6 Rf1+ 75. Ke4 1-0


[Site "https://www.chess.com"]

[Event "Titled Tuesday Blitz April 26 Late 2022"]
[White "Korchmar, Vasiliy"]
[Black "Martic, Ivan"]
[WhiteFideId "24131750"]
[BlackFideId "929301"]
[WhiteElo "2370"]
[BlackElo "2317"]
[Result "1-0"]
[Round "10"]
[TimeControl "180+1"]
[Date "2022.04.26"]
[WhiteClock "0:00:02"]
[BlackClock "0:00:01"]

1. e4 Nf6 2. e5 Nd5 3. d4 d6 4. Nf3 dxe5 5. Nxe5 c6 6. Bd3 Nd7 7. Nf3 N7f6 8. h3 g6 9. O-O Bg7 10. c4 Nb4 11. Be2 Bf5 12. Na3 O-O 13. Bf4 a5 14. Be5 Ne4 15. Bxg7 Kxg7 16. Re1 Qc7 17. Bf1 Nf6 18. c5 Rfd8 19. Qb3 Be4 20. Ng5 Bd5 21. Nc4 Qf4 22. a3 Qxg5 23. axb4 axb4 24. Rxa8 Rxa8 25. Qxb4 Nh5 26. Re5 Qc1 27. Re1 Qg5 28. Qxb7 Ra4 29. b3 Ra2 30. Qxe7 Qxe7 31. Rxe7 Ra1 32. g3 Rb1 33. Ne3 Bf3 34. Kh2 Rb2 35. Kg1 Rb1 36. Rb7 Nf6 37. b4 Ne4 38. b5 Nd2 39. bxc6 Rc1 40. Rb2 Nxf1 41. Nxf1 Bxc6 42. g4 Bd5 43. Rd2 Bc4 44. Kh2 Rxf1 45. d5 Rc1 46. c6 Ba6 47. Ra2 Bc4 48. Rd2 Rc3 49. d6 1-0


[Site "https://www.chess.com"]

[Event "Titled Tuesday Blitz April 26 Late 2022"]
[White "Kosteniuk, Alexandra"]
[Black "Bryakin, Mikhail"]
[WhiteFideId "4128125"]
[BlackFideId "4165314"]
[WhiteElo "2469"]
[BlackElo "2417"]
[Result "0-1"]
[Round "10"]
[TimeControl "180+1"]
[Date "2022.04.26"]
[WhiteClock "0:00:03"]
[BlackClock "0:00:10"]

1. e4 e5 2. Nf3 d5 3. exd5 Qxd5 4. Nc3 Qe6 5. b3 Nc6 6. Bc4 Qg6 7. Nb5 Bd6 8. Nxd6+ cxd6 9. d4 e4 10. Ng5 Nd8 11. Qe2 Nf6 12. f3 d5 13. Bb5+ Kf8 14. fxe4 dxe4 15. h4 h6 16. Nh3 Qg3+ 17. Kf1 Bg4 18. Qe3 Qc7 19. Bc4 b5 20. Bxb5 Qxc2 21. Ba3+ Kg8 22. Nf2 Bf5 23. Bc4 Ne6 24. d5 Nc7 25. Qd4 e3 26. Qxe3 Ncxd5 27. Qd4 Nb6 28. Bd3 Qc8 29. Bxf5 Qxf5 30. Kg1 h5 31. Qd3 Qa5 32. Bb2 Rh6 33. Bc1 Rg6 34. Bg5 Re8 35. Rf1 Qxa2 36. Nh3 Nfd5 37. Nf2 Rge6 38. Rh3 f6 39. Bd2 Re2 40. Bc1 Nb4 41. Qg6 Qc2 42. Qxh5 Nd3 43. Rxd3 Rxf2 44. Rxf2 Re1+ 45. Kh2 Qxd3 46. Rf3 Qd6+ 47. Rg3 Re7 48. Qg6 Qe6 49. Bh6 Qf7 50. Qg4 Kh7 51. Bf4 g6 52. h5 g5 53. Qf5+ Kh8 54. Bd6 Rd7 55. Bc5 Nd5 56. b4 Nf4 57. h6 Qh5+ 58. Kg1 Rd1+ 59. Kf2 Qe2# 0-1


[Site "https://www.chess.com"]

[Event "Titled Tuesday Blitz April 26 Late 2022"]
[White "Kozin, Yuri"]
[Black "Sanchez Alvares, Kelvin Antonio"]
[WhiteFideId "4129920"]
[BlackFideId "3906680"]
[WhiteElo "2562"]
[BlackElo "2193"]
[Result "0-1"]
[Round "10"]
[TimeControl "180+1"]
[Date "2022.04.26"]
[WhiteClock "0:00:15"]
[BlackClock "0:01:07"]

1. e4 c5 2. Nf3 e6 3. d4 cxd4 4. Nxd4 a6 5. Bd3 Qc7 6. Nc3 Nf6 7. f4 Nc6 8. Nb3 Bb4 9. Bd2 Bxc3 10. bxc3 d5 11. e5 Nd7 12. O-O Ne7 13. Nd4 g6 14. Qg4 Nc5 15. Qh4 Na4 16. Qf6 Rf8 17. f5 gxf5 18. Bh6 Qxc3 19. Nf3 Ng8 20. Qh4 Nxh6 21. Qxa4+ Bd7 22. Qh4 Ng4 23. Rfe1 Qc5+ 24. Kh1 Nf2+ 25. Kg1 Nxd3+ 26. Nd4 Nxe1 27. Rxe1 Qe7 28. Qf2 Rg8 29. Kh1 Rg6 30. Rb1 b5 31. a4 b4 32. a5 Kf8 33. h3 Kg8 34. Nf3 Kh8 35. Qd4 Rag8 36. Rg1 Bb5 37. Nh4 Rg4 0-1


[Site "https://www.chess.com"]